Map: Heavy Artillery LE

Players

Massa

  • Race: Terran Terran
  • League: Platinum
  • Spawn Location: 3:00

qqq

  • Race: Zerg Zerg
  • Spawn Location: 1:00

Mace - Winner!

  • Race: Terran Terran
  • Spawn Location: 7:00

WoLLe - Winner!

  • Race: Terran Terran
  • Spawn Location: 7:00

VOD

Have the link to the VOD?

Description

Time

  • Played on: Feb. 6, 2021, 7:03 a.m.
  • Length: 10:19
Show
View Real Time Build Order
Export as new Build Order

Massa Terran 

Build Orders:  

Get SALT Encoding   

  12  0:04  SCV  
  13  0:16  SCV  
  13  0:19  Supply Depot  
  14  0:28  SCV  
  15  0:32  Refinery  
  15  0:40  SCV  
  16  0:45  Barracks  
  16  0:52  SCV  
  17  1:05  SCV  
  18  1:17  SCV  
  19  1:29  SCV  
  20  1:41  SCV  
  20  1:46  Command Center  
  21  1:50  Barracks Reactor  
  21  1:55  Bunker  
  21  1:57  SCV  
  22  2:10  Orbital Command  
  22  2:25  Supply Depot  
  22  2:29  Factory  
  22  2:30  Marine  
  23  2:40  Marine  
  23  2:45  Supply Depot  
  23  2:48  Marine  
  23  2:58  Marine  
  23  3:05  Marine  
  23  3:07  Orbital Command  
  24  3:16  Marine  
  25  3:23  Marine  
  26  3:30  Barracks  
  26  3:33  SCV x2  
  28  3:34  Marine  
  29  3:41  Marine  
  30  4:09  Barracks Tech Lab, Hellion x2  
  34  4:10  SCV x2  
  34  4:15  Refinery  
  36  4:22  SCV x2  
  36  4:23  Supply Depot  
  38  4:28  Stimpack  
  38  4:30  Hellion x2  
  42  4:31  Starport  
  42  4:39  Supply Depot  
  42  4:41  Engineering Bay  
  42  4:43  SCV x2  
  44  4:52  Hellion  
  46  4:55  SCV  
  46  4:56  SCV  
  48  5:08  SCV  
  46  5:20  Hellion x2  
  44  5:26  Barracks Reactor, Starport Tech Lab  
  44  5:31  Terran Infantry Weapons Level 1, Missile Turret  
  44  5:36  Engineering Bay  
  44  5:38  SCV x2  
  44  5:42  Refinery  
  44  5:43  Missile Turret  
  44  5:45  Supply Depot  
  44  5:49  Command Center  
  38  5:50  SCV x2  
  38  5:52  Widow Mine x2  
  38  5:55  Marauder  
  46  5:59  Cloaking Field  
  46  6:02  SCV  
  47  6:05  Banshee  
  47  6:08  Terran Infantry Armor Level 1  
  50  6:14  Widow Mine  
  50  6:23  Widow Mine  
  50  6:25  Combat Shield  
  52  6:27  Marauder, Marine x2  
  56  6:35  Refinery, Widow Mine  
  56  6:37  SCV x2  
  60  6:44  Widow Mine  
  62  6:49  SCV, Marauder, Banshee  
  62  6:51  SCV  
  69  6:57  Armory  
  70  7:01  SCV  
  70  7:09  Orbital Command  
  70  7:10  SCV  
  70  7:13  SCV  
  70  7:14  Refinery  
  72  7:22  Widow Mine x2, SCV  
  77  7:25  SCV  
  77  7:28  Factory  
  78  7:32  Banshee  
  78  7:34  SCV  
  82  7:43  Widow Mine  
  69  8:00  Marauder, Marine x2  
  69  8:03  Widow Mine  
  69  8:05  Widow Mine  
  72  8:15  Barracks  
  72  8:16  Barracks  
  72  8:17  Barracks  
  72  8:18  Marine  
  73  8:22  Marauder  
  73  8:24  Widow Mine  
  71  9:05  Factory Tech Lab  
  71  9:12  Supply Depot x3  
  71  9:13  Supply Depot  
  71  9:22  Marine  
  71  9:23  Marine  
  71  9:24  Widow Mine  
  69  9:25  Orbital Command  
  69  9:29  Marauder  
  69  9:33  Marine x3  
  69  9:37  Supply Depot  
  61  9:39  Supply Depot  
  61  9:40  Marine  
  61  9:41  Marine  
  61  9:51  Marine x3  
  67  9:57  Marine  
  67  9:59  Marine  
  67  10:17  Barracks  
  67  10:18  Barracks x2  
Show
View Real Time Build Order
Export as new Build Order

qqq Zerg 

Build Orders: Hatch First 

Get SALT Encoding   

  12  0:01  Drone  
  13  0:08  Drone  
  14  0:19  Overlord  
  14  0:43  Hatchery  
  13  0:50  Drone  
  13  0:51  Drone  
  15  1:00  Drone  
  15  1:02  Drone  
  17  1:23  Spawning Pool  
  17  1:24  Extractor, Drone  
  16  1:26  Drone  
  17  1:55  Drone  
  17  1:56  Drone x2  
  17  1:58  Extractor  
  17  2:00  Drone  
  20  2:10  Overlord  
  20  2:11  Queen  
  20  2:12  Queen  
  20  2:13  Drone  
  25  2:19  Zergling x2  
  25  2:20  Drone  
  27  2:27  Drone  
  28  2:30  Zergling x2  
  29  2:42  Evolution Chamber  
  28  2:45  Evolution Chamber  
  28  2:46  Drone  
  28  2:47  Metabolic Boost  
  28  2:48  Drone  
  28  3:00  Drone x2  
  28  3:02  Zergling x4  
  32  3:23  Zergling x4  
  32  3:24  Drone x2  
  36  3:27  Zerg Melee Weapons Level 1  
  36  3:44  Overlord x2  
  36  3:45  Overlord x3  
  34  4:06  Drone x2  
  34  4:08  Zergling x8  
  34  4:09  Drone  
  41  4:19  Lair  
  41  4:21  Drone  
  42  4:25  Drone, Hatchery  
  39  4:42  Zergling x4  
  39  4:43  Drone x2  
  39  4:44  Zergling x4  
  43  4:48  Zergling x2  
  43  4:49  Drone, Zergling x4  
  47  4:58  Zergling x2  
  47  4:59  Drone  
  49  5:05  Drone  
  50  5:08  Zerg Ground Armor Level 1  
  50  5:09  Extractor  
  50  5:13  Spore Crawler  
  44  5:14  Spore Crawler  
  44  5:20  Zergling x2  
  45  5:21  Drone x2  
  45  5:28  Extractor  
  45  5:29  Extractor  
  45  5:34  Drone  
  46  5:35  Drone  
  46  5:44  Drone x2, Infestation Pit  
  46  5:46  Drone  
  46  5:47  Drone, Zergling x2  
  46  5:48  Zergling x2  
  51  5:53  Hatchery  
  42  6:16  Zergling x10  
  47  6:20  Drone x7  
  47  6:25  Hive  
  54  6:31  Zerg Melee Weapons Level 2  
  54  6:32  Drone x4  
  58  6:34  Drone  
  59  6:50  Infestor  
  59  6:52  Drone x2  
  59  6:53  Zergling x2  
  66  6:54  Zergling x4  
  66  7:03  Hydralisk Den  
  66  7:04  Drone x4  
  66  7:05  Drone  
  71  7:08  Zergling x4, Overlord  
  71  7:09  Zergling x2  
  71  7:10  Drone x2  
  71  7:14  Spore Crawler  
  74  7:24  Drone x2  
  74  7:25  Drone  
  77  7:32  Extractor  
  77  7:33  Spine Crawler x2  
  73  7:37  Extractor  
  69  7:57  Zergling x6  
  69  7:58  Zergling x16  
  69  7:59  Zergling x2  
  69  8:00  Zergling x6  
  48  8:32  Zergling x2  
  48  8:33  Zergling x10  
  48  8:34  Hatchery, Zergling x8  
  55  8:40  Zergling x4  
  56  8:48  Drone x3  
  43  9:10  Hydralisk x2, Zergling x6  
  43  9:12  Hydralisk x2  
  50  9:30  Ultralisk Cavern  
  50  9:31  Hatchery  
  48  9:32  Drone x2, Hatchery  
  48  9:33  Zergling x4  
  49  9:45  Zergling x2  
  43  9:46  Drone  
  44  9:53  Spine Crawler  
Show
View Real Time Build Order
Export as new Build Order

Mace Terran - Winner!

Build Orders: Reaper Expand 

Get SALT Encoding   

  12  0:00  SCV  
  13  0:12  SCV  
  14  0:18  Supply Depot  
  14  0:24  SCV  
  15  0:40  SCV  
  15  0:41  Barracks  
  16  0:45  Refinery  
  16  0:52  SCV  
  17  1:04  SCV  
  18  1:16  SCV  
  19  1:32  Reaper  
  19  1:43  Orbital Command  
  19  1:52  Command Center  
  19  2:10  SCV  
  20  2:19  Barracks Tech Lab, Factory  
  20  2:22  SCV  
  21  2:34  SCV  
  21  2:36  Refinery  
  22  2:46  SCV  
  23  2:55  Supply Depot  
  23  2:56  Supply Depot  
  23  3:03  SCV, Marine  
  25  3:07  Orbital Command  
  25  3:10  Factory Tech Lab  
  25  3:16  Starport  
  25  3:28  SCV  
  25  3:32  SCV  
  27  3:40  SCV  
  28  3:44  Siege Tank  
  28  3:45  SCV, Marine  
  28  3:47  Stimpack  
  33  3:52  SCV, Barracks  
  33  3:53  Barracks  
  34  4:05  SCV x2  
  34  4:06  Starport Reactor  
  34  4:09  Barracks  
  35  4:12  Marine  
  36  4:17  SCV x2  
  36  4:20  Refinery  
  36  4:22  Refinery  
  38  4:25  Siege Tank  
  38  4:30  Marine  
  42  4:31  SCV x2  
  44  4:44  Medivac  
  46  4:54  SCV x2  
  48  5:06  SCV  
  49  5:22  Siege Tank  
  49  5:23  Marine x2  
  54  5:54  Marine x4  
  54  5:55  Medivac x2  
  54  5:57  Supply Depot x3, Siege Tank  
  65  5:58  Supply Depot  
  65  6:00  Supply Depot  
  63  6:12  Marine x3  
  63  6:13  Marine  
  63  6:16  Command Center  
  63  6:18  SCV x2  
  68  6:25  Medivac x2  
  72  6:29  Siege Tank  
  72  6:30  SCV, Marine x4  
  72  6:31  SCV  
  81  6:42  SCV  
  81  6:43  SCV  
  83  6:51  Marine x2  
  87  6:54  SCV  
  87  6:55  SCV  
  87  7:00  Medivac x2  
  93  7:06  SCV  
  93  7:07  Barracks Reactor x2  
  92  7:09  Barracks, Marine x2  
  92  7:11  Siege Tank  
  97  7:18  Factory  
  93  8:10  Marine  
  93  8:11  Marine x4  
  93  8:12  Barracks Reactor  
  95  8:15  SCV x2  
  95  8:17  Orbital Command  
  95  8:18  Factory Tech Lab, Siege Tank  
  95  8:19  Medivac x2  
  103  8:27  SCV  
  103  8:28  SCV  
  100  8:34  Marine x4  
  100  8:35  Marine  
  100  8:37  Barracks Tech Lab  
  100  8:40  SCV x2  
  104  8:49  Medivac  
  104  8:50  Siege Tank  
  104  8:52  SCV x2, Marine x2  
  110  8:57  Engineering Bay  
  110  8:58  Engineering Bay, Marine x6  
  111  9:03  Barracks  
  111  9:04  SCV x2  
  111  9:05  Barracks  
  111  9:09  Marine  
  112  9:10  Marine  
  112  9:15  Marine  
  112  9:16  Marine x3  
  112  9:17  Marauder x2  
  118  9:27  SCV x3, Marine x2  
  121  9:32  Siege Tank  
  121  9:33  Marine  
  121  9:37  Marine  
  125  9:39  Marine  
  125  9:50  Refinery  
  125  9:51  Refinery  
  125  9:54  SCV x3, Marauder x2, Marine x4  
  125  9:55  Marine  
  125  9:57  Supply Depot  
  125  9:59  Supply Depot  
  140  10:06  SCV  
Show
View Real Time Build Order
Export as new Build Order

WoLLe Terran - Winner!

Build Orders:  

Get SALT Encoding   

  12  0:00  SCV  
  13  0:12  SCV  
  14  0:18  Supply Depot  
  14  0:24  SCV  
  15  0:40  SCV  
  15  0:42  Barracks  
  16  0:46  Refinery  
  16  0:52  SCV  
  18  1:04  SCV  
  18  1:22  SCV  
  19  1:29  Marine  
  19  1:32  Command Center  
  20  1:45  Orbital Command  
  20  1:48  Marine  
  21  1:58  Supply Depot  
  21  2:07  Marine  
  21  2:13  SCV  
  22  2:17  Refinery  
  22  2:21  Engineering Bay  
  22  2:26  Barracks Tech Lab, Barracks  
  22  2:31  SCV  
  23  2:43  SCV  
  24  2:44  Orbital Command  
  24  2:45  Marine  
  25  2:52  Terran Infantry Weapons Level 1  
  25  2:58  SCV  
  26  3:03  Marine  
  26  3:04  Missile Turret  
  27  3:09  Orbital Command, Stimpack  
  27  3:11  SCV  
  28  3:23  SCV  
  28  3:24  Barracks Reactor  
  29  3:27  Barracks  
  29  3:28  Marine  
  30  3:35  SCV  
  30  3:36  SCV  
  32  3:47  SCV  
  33  3:52  Factory  
  33  4:01  SCV x2  
  33  4:02  Barracks  
  35  4:06  Refinery  
  35  4:09  Marine x3  
  37  4:13  SCV x2  
  40  4:21  Barracks Reactor  
  40  4:25  SCV  
  40  4:26  Supply Depot  
  40  4:28  SCV  
  42  4:37  SCV  
  37  4:44  Marine x3  
  39  4:49  Factory Tech Lab  
  39  4:50  Supply Depot  
  39  4:52  Barracks Reactor  
  39  4:54  Starport  
  36  5:02  Marine x3  
  31  5:12  Orbital Command  
  28  5:20  Marine x2  
  30  5:25  SCV  
  31  5:29  Command Center  
  31  5:37  SCV  
  32  5:46  SCV  
  32  5:49  SCV, Siege Tank  
  37  5:51  Medivac  
  39  5:58  SCV  
  39  6:00  Terran Infantry Armor Level 1  
  39  6:01  SCV  
  39  6:02  Combat Shield  
  41  6:10  Refinery  
  41  6:18  SCV x2  
  42  6:20  Marine x2  
  42  6:21  Marine  
  42  6:22  Marine  
  47  6:30  SCV  
  47  6:31  Armory  
  48  6:38  SCV  
  49  6:42  SCV  
  50  6:47  Cyclone  
  50  6:48  Marine  
  50  6:49  Marine x2  
  50  6:50  SCV  
  57  6:54  SCV  
  57  6:57  Medivac  
  57  6:58  Marine x3  
  63  7:06  Marine x2  
  63  7:07  Marine x2  
  67  7:10  SCV  
  68  7:24  SCV x2  
  68  7:25  Terran Vehicle And Ship Armor Level 1  
  70  7:41  Marine x3  
  70  7:42  Viking  
  75  7:55  Marine x2  
  75  7:56  Marine  
  77  8:04  Planetary Fortress  
  77  8:25  Marine  
  77  8:39  SCV, Supply Depot, Marine x2, Viking, Cyclone  
  77  8:40  Supply Depot  
  85  8:45  Supply Depot  
  85  8:48  Marine  
  85  9:00  Marine x6  
  85  9:01  SCV x2  
  93  9:06  Marine  
  94  9:13  SCV  
  95  9:18  Marine x4  
  95  9:20  Starport Tech Lab  
  95  9:21  Cyclone  
  95  9:24  SCV x2  
  104  9:25  SCV  
  105  9:36  SCV x2  
  102  9:39  Marine x3  
  102  9:40  Marine x4  
  109  9:57  Starport x2  
  109  9:58  Starport  
  109  10:02  Supply Depot  
  109  10:05  Supply Depot  
Tags
 
Add a new tag
Caveats
  • Supply blocks, unpowered buildings, or Contaminate may cause inaccurate times.
  • Supply counts are checked every 10 seconds.